 Dungeon Crawl Stone Soup version 0.29.1-15-g9cfb28693d (webtiles) character file.

Game seed: 13781540885255029247

92 DemonSlayer the Digger (level 4, -1/30 HPs)
             Began as a Demonspawn Earth Elementalist on Mar 3, 2023.
             Slain by Sigmund
             ... wielding a +0 scythe of venom
              (10 damage)
             ... on level 2 of the Dungeon.
             The game lasted 00:03:04 (2345 turns).

DemonSlayer the Digger (DsEE)                       Turns: 2345, Time: 00:03:04

Health: -1/30      AC:  2    Str: 10    XL:     4   Next: 35%
Magic:  2/7        EV: 12    Int: 16    God:
Gold:   101        SH:  0    Dex: 14    Spells: 2/8 levels left

rFire   . . .      SeeInvis .   i - +3 short sword
rCold   . . .      Faith    .   (no shield)
rNeg    + . .      Spirit   .   a - +0 robe
rPois   .          Reflect  .   (no helmet)
rElec   .          Harm     .   (no cloak)
rCorr   .          Rampage  .   (no gloves)
Will    .....                   (no boots)
Stlth   ++........              (no amulet)
HPRegen 0.10/turn               g - ring of positive energy
MPRegen 0.10/turn               (no ring)

@: lethally poisoned (-1 -> -21)
A: hooves 1, foul stench 1
a: no special abilities


You were on level 2 of the Dungeon.
You visited 1 branch of the dungeon, and saw 2 of its levels.

You collected 101 gold pieces.

Inventory:

Hand Weapons
 i - a +3 short sword (weapon)
Armour
 a - a +0 robe (worn)
Jewellery
 g - a ring of positive energy (left hand)
Scrolls
 c - a scroll of vulnerability {unknown}
 d - a scroll of blinking {unknown}
 e - a scroll of immolation {unknown}
 j - 4 scrolls of identify {unknown}
 k - a scroll of fog {unknown}
Potions
 b - a potion of heal wounds
 f - a potion of mutation {unknown}
 h - a potion of attraction {unknown}


   Skills:
 + Level 1.8 Dodging
 + Level 2.2 Stealth
 + Level 0.1 Unarmed Combat
 + Level 2.5 Spellcasting
 + Level 0.8 Transmutations
 + Level 4.2 Earth Magic


You had 2 spell levels left.
You knew the following spells:

 Your Spells              Type           Power      Damage    Failure   Level
a - Sandblast             Erth           30%        2d9       3%          1
b - Passwall              Tmut/Erth      8%         N/A       11%         2
c - Stone Arrow           Conj/Erth      16%        3d8       26%         3

Your spell library contained the following spells:

 Spells                   Type           Power      Damage    Failure   Level
 Petrify                  Tmut/Erth      10%        N/A       56%         4


Dungeon Overview and Level Annotations

Branches:
Dungeon (2/15)

Altars:

Annotations:
D:2 Sigmund


Innate Abilities, Weirdness & Mutations

You have large cloven feet.
You may rarely emit foul miasma when damaged in melee.


Message History

An endoplasm comes into view.
An endoplasm is nearby!
The blast of sand hits the endoplasm.
You kill the endoplasm!
You can't see any susceptible monsters within range! (Use Z to cast anyway.)
You can't see any susceptible monsters within range! (Use Z to cast anyway.)
You can't see any susceptible monsters within range! (Use Z to cast anyway.) Magic restored.
j - 4 scrolls labelled PULAFUGOEX (gained 1)
Things that are here:
a +0 robe; a +0 club
There is a stone staircase leading up here.
Sigmund is nearby!
Sigmund is nearby!
Sigmund is nearby!
Sigmund is nearby!
Sigmund is nearby!
The blast of sand hits Sigmund.
Sigmund is moderately wounded.
Sigmund shouts!
Sigmund barely misses you.
The blast of sand misses Sigmund.
Sigmund closely misses you.
The blast of sand hits Sigmund.
Sigmund is moderately wounded.
Sigmund closely misses you.
The blast of sand hits Sigmund!
Sigmund is severely wounded.
Sigmund hits you from afar with a +0 scythe of venom!
You are lethally poisoned!
Casting: Sandblast (safe; 3% risk of failure)
Confirm with . or Enter, or press ? or * to list all spells.
Aiming: Sandblast (safe; 3% risk of failure)
Press: ? - help, Shift-Dir - straight line, f/p - Sigmund
Aim: Sigmund, wielding a +0 scythe of venom and wearing a +0 robe (severely wounded, 80% to hit)
The blast of sand hits Sigmund.
Sigmund is severely wounded.
* * * LOW HITPOINT WARNING * * *
You feel extremely sick.
Sigmund hits you from afar with a +0 scythe of venom!
You die...

#.....##...[.....#
#.)...######.....#
#.....# #.....#
#.....# ###.### ##
####### ##.# #..
#..# #.# ### #.##
#.####.#### #.#
##...@..<.# #.#
#..@##.##.# #.#
#.#..##.##.####.# ..
#..##.........#
..####..#####.######
#........#####.#
..######.@.....#
#########


You could see Sigmund.

Vanquished Creatures
  Jessica (D:2)
  2 adders (D:2)
  2 worms (D:2)
  A dart slug (D:1)
  An orc (D:2)
  3 bats
  5 endoplasms
  4 giant cockroaches (D:1)
  2 goblins (D:1)
  2 hobgoblins (D:1)
  2 jackals (D:1)
  3 kobolds (D:1)
  2 quokkas
  3 frilled lizards (D:1)
  4 rats
37 creatures vanquished.

Notes
Turn   | Place    | Note
-------+----------+-------------------------------------------
     0 | D:1      | DemonSlayer the Demonspawn Earth Elementalist began the
                  | quest for the Orb.
     0 | D:1      | Reached XP level 1. HP: 13/13 MP: 3/3
   166 | D:1      | Reached skill level 3 in Earth Magic
   187 | D:1      | Discovered your monstrous ancestry.
   187 | D:1      | Gained mutation: You have large cloven feet. [demonic
                  | ancestry]
   187 | D:1      | Reached XP level 2. HP: 19/19 MP: 1/5
   544 | D:1      | Found a faded altar of an unknown god.
   763 | D:1      | Reached XP level 3. HP: 20/24 MP: 2/6
  1049 | D:1      | Learned a level 2 spell: Passwall
  1053 | D:1      | Learned a level 3 spell: Stone Arrow
  1652 | D:2      | Noticed Jessica
  1656 | D:2      | Killed Jessica
  1657 | D:2      | Reached skill level 4 in Earth Magic
  1657 | D:2      | Gained mutation: You may rarely emit foul miasma when
                  | damaged in melee. [demonic ancestry]
  1657 | D:2      | Reached XP level 4. HP: 25/30 MP: 4/7
  1735 | D:2      | Noticed Sigmund
  1752 | D:2      | HP: 1/30 [Sigmund/puff of flame (7)]
  2345 | D:2      | Slain by Sigmund

Illustrated notes

Levels and vault maps discovered:
D:1:      kennysheep_arrival_forest, layout_rooms,
          hellmonk_ecumenical_altar_arch_garden, minmay_misc_feat_doors
D:2:      layout_loops_cross, uniq_sigmund, uniq_jessica,
          uniq_crazy_yiuf_cottage

Skill      XL: |  1  2  3 |
---------------+----------+-----
Earth Magic    | 3 4 |  4.2
Stealth        | 2 |  2.2
Dodging        | |  1.8
Unarmed Combat | |  0.1
Spellcasting   | |  2.5
Transmutations | |  0.8

Action                   |  1- 3 |  4- 6 || total
-------------------------+-------+-------++-------
Melee: Unarmed           |    14 |       ||    14
       Kick              |     5 |       ||     5
       Short sword       |     2 |       ||     2
 Cast: Sandblast         |    49 |    11 ||    60
  Use: Potion            |     1 |     2 ||     3
Armor: Robe              |     4 |       ||     4
Dodge: Dodged            |    35 |     5 ||    40
